 Dungeon Crawl Stone Soup version 0.32-a0-876-gcfddb08e57 (webtiles) character file.

Game seed: 4497368038359776267

47 Adrian566 the Slasher (level 3, 0/28 HPs)
             Began as a Demonspawn Gladiator on Apr 1, 2024.
             Slain by a ribbon worm (4 damage)
             ... on level 1 of the Dungeon.
             The game lasted 00:01:06 (971 turns).

Adrian566 the Slasher (Demonspawn Gladiator)         Turns: 971, Time: 00:01:07

Health: 0/28       AC:  3    Str: 13 (14) XL:     3   Next: 48%
Magic:  3/3        EV: 11    Int:  6 (8)  God:
Gold:   86         SH:  0    Dex: 15 (16) Spells: 2/2 levels left

rFire   . . .        a - +0 long sword
rCold   . . .        (no shield)
rNeg    . . .        b - +0 leather armour
rPois   .            (helmet restricted)
rElec   .            (no cloak)
rCorr   .            (no gloves)
SInv    .            (no boots)
Will    .....        j - amulet of regeneration
Stlth   +            (no ring)
HPRegen 1.04/turn    (no ring)
MPRegen 0.08/turn

%: no passive effects
@: no status effects
A: antennae 1, demonic magic 1
a: no special abilities


You were on level 1 of the Dungeon.
You visited 1 branch of the dungeon, and saw 1 of its levels.

You collected 86 gold pieces.

Inventory:

Hand Weapons
 a - a +0 long sword (weapon)
Missiles
 d - 3 throwing nets (quivered)
 e - a javelin
Armour
 b - a +0 leather armour (worn)
 c - a +0 helmet
Jewellery
 j - an amulet of regeneration (around neck)
Scrolls
 l - a scroll of noise
Potions
 h - a potion of attraction
 k - a potion of mutation {unknown}


   Skills:
 + Level 2.4 Fighting
 + Level 3.3 Long Blades
 + Level 2.0 Throwing
 + Level 0.8 Armour
 + Level 3.0 Dodging


You had 2 spell levels left.
You didn't know any spells.
Your spell library was empty.

Dungeon Overview and Level Annotations

Branches:
Dungeon (1/15)

Altars:


Innate Abilities, Weirdness & Mutations

You have a pair of small antennae on your head.
Spells you cast may paralyse adjacent enemies.


Message History

The ribbon worm expels a string of sticky webbing.
The stream of webbing hits you but does no damage.
You are caught in a web!
The web tears apart.
The ribbon worm expels a string of sticky webbing.
The stream of webbing hits you but does no damage.
You are caught in a web!
The web tears apart.
The ribbon worm misses you. The ribbon worm closely misses you.
You hit the ribbon worm but do no damage.
The ribbon worm bites you. x2
You hit the ribbon worm.
The ribbon worm is lightly wounded.
The ribbon worm bites you but does no damage.
You slash the ribbon worm!
The ribbon worm is heavily wounded.
The ribbon worm barely misses you. The ribbon worm bites you.
You hit the ribbon worm.
The ribbon worm is almost dead.
The ribbon worm expels a string of sticky webbing.
The stream of webbing hits you but does no damage.
You are caught in a web!
The ribbon worm barely misses you. The ribbon worm bites you.
You struggle to detach yourself from the web.
The ribbon worm bites you.
You struggle to detach yourself from the web.
The ribbon worm bites you. x2
* * * LOW HITPOINT WARNING * * *
The web tears apart.
The ribbon worm bites you!
* * * LOW HITPOINT WARNING * * *
The ribbon worm closely misses you.
You barely miss the ribbon worm.
The ribbon worm is heavily wounded.
The ribbon worm bites you but does no damage. x2
Okay, then.
It was a potion of degeneration.
There was something very wrong with that liquid.
You feel weakened.
You feel dopey.
You feel clumsy. The ribbon worm bites you.
You die...

#.#.##### #...####.#####
#.#.########.#.##...#
#...................#
#.÷###############..#
#..#.............#..# ##
##..#.............#.## #.
###...#...?...†.....#.# #.
#...#.#######w#######.# #.
#.#...#..)..@w......#.# #.
#.##..+⌠....###....⌠+.# #.
#.##..#......<......#.# #.
#.##..#..⌠...>...⌠..#.# #.
#.##..###'#######'###.######.
#.##......................##.
#.......#.....#####....##....
#.#...........# ##########.
##.##....###..###############.


You could see 2 ribbon worms.

Vanquished Creatures
  A dart slug (D:1)
  2 bats (D:1)
  7 endoplasms (D:1)
  4 giant cockroaches (D:1)
  A goblin (D:1)
  6 hobgoblins (D:1)
  4 jackals (D:1)
  4 kobolds (D:1)
  A quokka (D:1)
  A ball python (D:1)
  A frilled lizard (D:1)
  7 rats (D:1)
39 creatures vanquished.

Notes
Turn   | Place    | Note
-------+----------+-------------------------------------------
     0 | D:1      | Adrian566 the Demonspawn Gladiator began the quest for the
                  | Orb.
     0 | D:1      | Reached XP level 1. HP: 16/16 MP: 1/1
     1 | D:1      | Found a runed translucent door.
   227 | D:1      | Gained mutation: You have a pair of small antennae on your
                  | head. [demonic ancestry]
   227 | D:1      | Reached XP level 2. HP: 22/22 MP: 2/2
   884 | D:1      | Gained mutation: Spells you cast may paralyse adjacent
                  | enemies. [demonic ancestry]
   884 | D:1      | Reached XP level 3. HP: 28/28 MP: 3/3
   969 | D:1      | HP: 1/28 [ribbon worm (7)]
   971 | D:1      | Slain by a ribbon worm

Illustrated notes

Levels and vault maps discovered:
D:1:      dpeg_arrival_caged_fury, layout_loops_ring

Skill      XL: |  1  2 |
---------------+-------+-----
Throwing       | 2 |  2.0
Long Blades    | 3 |  3.3
Dodging        | 3 |  3.0
Fighting       | |  2.4
Armour         | |  0.8

Action                     || total
---------------------------++-------
  Melee: Long sword        ||    88
    Use: Scroll            ||     4
         Potion            ||     1
 Armour: Leather armour    ||    68
  Dodge: Dodged            ||    45

Table legend: (Time is in decaauts)
 A = Elapsed time spent in this place.
 B = Non-inter-level travel time spent in this place.
 C = Inter-level travel time spent in this place.
 D = Time resting spent in this place.
 E = Time spent auto-exploring this place.
 F = Levels seen in this place.
 G = Mean time per level.
                   A        B        C        D        E       F      G
               +--------+--------+--------+--------+--------+-----+--------+
         Total |    992 |    992 |      0 |    158 |    603 |   1 |  992.0 |
       Dungeon |    992 |    992 |      0 |    158 |    603 |   1 |  992.0 |
               +--------+--------+--------+--------+--------+-----+--------+

Top non-repeatable levels by time:
     D:1: 992 daAuts
